 Dungeon Crawl Stone Soup version 0.30-a0-269-gf0224bf7b6 (webtiles) character file.

Game seed: 5977535717193031205

86 byup the Magician (level 4, -4/31 HPs)
             Began as a Djinni Fire Elementalist on Oct 15, 2022.
             Shot with an arrow by a centaur (11 damage)
             ... on level 3 of the Dungeon.
             The game lasted 00:17:27 (2327 turns).

byup the Magician (Djinni Fire Elementalist)        Turns: 2327, Time: 00:17:28

Health: -4/31      AC:  2    Str:  7    XL:     4   Next: 78%
Gold:   39         EV: 12    Int: 19    God:
                   SH:  0    Dex: 13

rFire   + + .      SeeInvis .    (no weapon)
rCold   . . .      Faith    .    (no shield)
rNeg    . . .      Spirit   .    a - +0 robe
rPois   ∞          Reflect  .    (no helmet)
rElec   .          Harm     .    (no cloak)
rCorr   .          Rampage  .    (no gloves)
Will    .....                    (boots unavailable)
Stlth   ++........               (no amulet)
HPRegen 0.25/turn                l - ring of protection from cold
MPRegen 0.00/turn                (no ring)

@: flying
A: sickness immunity, fire resistance 2, cold vulnerability 1, float, innate
caster, HP casting, extra vitality 1
a: no special abilities


You were on level 3 of the Dungeon.
You visited 1 branch of the dungeon, and saw 3 of its levels.

You collected 111 gold pieces.
You spent 72 gold pieces at shops.

Inventory:

Armour
 a - a +0 robe (worn)
Jewellery
 l - a ring of protection from cold (left hand)
 r - an amulet of the acrobat
Scrolls
 b - 2 scrolls of identify {unknown}
 c - 2 scrolls of magic mapping {unknown}
 d - a scroll of noise {unknown}
 e - 2 scrolls of teleportation {unknown}
 h - a scroll of amnesia {unknown}
 i - 2 scrolls of fog {unknown}
 m - a scroll of enchant armour {unknown}
 n - a scroll of poison {unknown}
Potions
 f - a potion of curing {unknown}
 g - a potion of flight {unknown}
 j - a potion of cancellation {unknown}
 k - a potion of lignification {unknown}
 o - a potion of might {unknown}
 p - a potion of invisibility {unknown}
 q - a potion of heal wounds {unknown}


   Skills:
 + Level 2.4 Dodging
 + Level 2.1 Stealth
 + Level 3.7 Spellcasting


You couldn't memorise any spells.
You knew the following spells:

 Your Spells              Type           Power      Damage    Failure   Level
a - Foxfire               Conj/Fire      68%        2x1d7     3%          1
b - Scorch                Fire           34%        2d6       4%          2
c - Kindle Blastsparks    Fire/Tloc/Air  34%        2d12      10%         3
d - Inner Flame           Hex/Fire       17%        N/A       10%         3
e - Flame Wave            Conj/Fire      17%        2d7       30%         4
f - Shock                 Conj/Air       68%        1d7       3%          1
Your spell library was empty.

Dungeon Overview and Level Annotations

Branches:
Dungeon (3/15)

Altars:

Shops:
D:2 *!:[*   D:3 *


Innate Abilities, Weirdness & Mutations

You are immune to sickness and miasma.
You are immune to poison.
Your flesh is very heat resistant. (rF++)
You are vulnerable to cold. (rC-)
You float through the air rather than walking.
You learn spells naturally, not from books.
Your magical power is your life essence.
You have superior vitality. (+4 MHP)


Message History

Confirm with . or Enter, or press ? or * to list all spells.
You can't see any susceptible monsters within range! (Use Z to cast anyway.)
Casting: Scorch (safe; 4% risk of failure)
Confirm with . or Enter, or press ? or * to list all spells.
You conjure some foxfire!
The foxfire hits the ball python.
You kill the ball python!
An adder comes into view.
Your foxfire dissipates!
Casting: Foxfire (safe; 3% risk of failure)
Confirm with . or Enter, or press ? or * to list all spells.
You conjure some foxfire!
The foxfire hits the adder.
The adder is moderately wounded.
The foxfire hits the adder.
The adder is heavily wounded.
Casting: Foxfire (safe; 3% risk of failure)
Confirm with . or Enter, or press ? or * to list all spells.
You conjure some foxfire!
The foxfire hits the adder.
The adder is severely wounded.
The foxfire hits the adder.
You kill the adder!
A centaur and a quokka come into view.
The centaur wields a +0 shortbow.
The centaur shoots an arrow.
The arrow hits you!
Found 12 gold pieces.
The centaur shoots an arrow.
The arrow hits you.
The centaur shoots an arrow.
The arrow hits you!
A dart slug comes into view.
The centaur shoots an arrow.
The arrow barely misses you.
The centaur shoots an arrow.
The arrow hits you.
* * * LOW HITPOINT WARNING * * *
The centaur shoots an arrow.
The arrow hits you.
* * * LOW HITPOINT WARNING * * *
The centaur shoots an arrow.
The arrow barely misses you.
Casting: Foxfire (safe; 3% risk of failure)
Confirm with . or Enter, or press ? or * to list all spells.
Okay, then.
The centaur shoots an arrow.
The arrow hits you!
You die...

...c.....# ##.....
#..........#### #......
#.............# #..†...
#.....[..w....# #......
#..........†..# #......
..............# #......
..........#c..# #......
.........##...####.#....
#.....@###...##...#..##
#.......##...##.....##
###......c...##.#####
...##...........# ...r
#..#.#...##.# ..
#..#........# .
#....<#......#
................
.........##....###


You could see a centaur and a dart slug.

Vanquished Creatures
  4 adders
  A worm (D:2)
  A dart slug (D:1)
  8 ball pythons
  5 endoplasms
  4 goblins
  6 hobgoblins
  3 quokkas (D:1)
  3 bats (D:1)
  A frilled lizard (D:1)
  5 kobolds
  4 rats
45 creatures vanquished.

Vanquished Creatures (others)
  66 foxfires
66 creatures vanquished.

Grand Total: 111 creatures vanquished

Notes
Turn   | Place    | Note
-------+----------+-------------------------------------------
     0 | D:1      | byup the Djinni Fire Elementalist began the quest for the
                  | Orb.
     0 | D:1      | byup set off with the following spells memorised: Foxfire,
                  | Scorch, Kindle Blastsparks, Inner Flame, Flame Wave.
     0 | D:1      | Reached XP level 1. HP: 15/15 MP: 0/0
   176 | D:1      | Reached XP level 2. HP: 19/21 MP: 0/0
   677 | D:1      | Reached skill level 3 in Spellcasting
   677 | D:1      | Reached XP level 3. HP: 24/25 MP: 0/0
   677 | D:1      | Learned a level 1 spell: Shock
  1357 | D:2      | Found Omamihen's Book Boutique.
  1375 | D:2      | Reached XP level 4. HP: 14/31 MP: 0/0
  1621 | D:2      | Found Ywnixuh's Antique Armour Emporium.
  1703 | D:2      | Found Toregiz's Assorted Antiques.
  1709 | D:2      | Bought a scroll labelled LIARRU SAZIPTI for 24 gold pieces
  1709 | D:2      | Bought a scroll labelled PYTOANW PUNA for 24 gold pieces
  1709 | D:2      | Bought a scroll labelled WOCRUO RIENUMP for 24 gold pieces
  1969 | D:2      | Found Vist's Assorted Antiques.
  2125 | D:2      | Found Kikion's Distillery.
  2256 | D:3      | Found Ajotiselonk's Assorted Antiques.
  2313 | D:3      | Noticed a centaur
  2327 | D:3      | Shot with an arrow by a centaur

Illustrated notes

Levels and vault maps discovered:
D:1:      nicolae_arrival_memento_mori, layout_basic, minmay_octomino_e4
D:2:      layout_basic, serial_shops, shop, nicolae_shop_behind_doors, shop,
          nicolae_shop_waterfront, nicolae_shop_advertising_works
          [nicolae_subvault_shop_adworks]
D:3:      layout_rooms, serial_shops,
          nicolae_shop_temple_entry_statues_fountains

Skill      XL: |  1  2  3 |
---------------+----------+-----
Spellcasting   | 3 |  3.7
Stealth        | 2 |  2.1
Dodging        | |  2.4

Action                   |  1- 3 |  4- 6 || total
-------------------------+-------+-------++-------
Melee: Unarmed           |     2 |       ||     2
 Cast: Foxfire           |    48 |     3 ||    51
       Scorch            |     8 |    11 ||    19
       Shock             |     1 |       ||     1
Armor: Robe              |     4 |       ||     4
Dodge: Dodged            |    14 |     4 ||    18

Table legend: (Time is in decaauts)
 A = Elapsed time spent in this place.
 B = Non-inter-level travel time spent in this place.
 C = Inter-level travel time spent in this place.
 D = Time resting spent in this place.
 E = Time spent auto-exploring this place.
 F = Levels seen in this place.
 G = Mean time per level.
                   A        B        C        D        E       F      G
               +--------+--------+--------+--------+--------+-----+--------+
         Total |   2326 |   2283 |     43 |      0 |    643 |   3 |  775.3 |
       Dungeon |   2326 |   2283 |     43 |      0 |    643 |   3 |  775.3 |
               +--------+--------+--------+--------+--------+-----+--------+

Top non-repeatable levels by time:
     D:2: 1204 daAuts
     D:1: 1050 daAuts
     D:3: 70 daAuts
